 Dungeon Crawl Stone Soup version 0.28-a0-1152-g9c71ebef14 (webtiles) character file.

Game seed: 3221022262542591824

9 spaghetti the Sneak (level 2, -1/24 HPs)
             Began as a Mummy Delver on Dec 14, 2021.
             Slain by a bullfrog (3 damage)
             ... on level 6 of the Dungeon.
             The game lasted 00:00:35 (345 turns).

spaghetti the Sneak (Mummy Delver)                   Turns: 345, Time: 00:00:36

Health: -1/24      AC:  3    Str: 15    XL:     2   Next: 6%
Magic:  2/2        EV: 11    Int:  9    God:
Gold:   10         SH:  0    Dex: 13    Spells: 1/1 levels left

rFire   x . .      SeeInvis .   a - +0 falchion {long}
rCold   + . .      Faith    .   (no shield)
rNeg    + + +      Spirit   .   b - +0 leather armour
rPois   ∞          Reflect  .   (no helmet)
rElec   .          Harm     .   (no cloak)
rCorr   .          Rampage  .   (no gloves)
Will    .....                   (no boots)
Stlth   ++........              (no amulet)
HPRegen 0.08/turn               (no ring)
MPRegen 0.08/turn               (no ring)

@: no status effects
A: cold resistance 1, negative energy resistance 3, torment resistance 2, heat
vulnerability 1, no potions
a: no special abilities


You were on level 6 of the Dungeon.
You visited 2 branches of the dungeon, and saw 3 of its levels.

You collected 10 gold pieces.


Innate Abilities, Weirdness & Mutations

You are immune to poison.
Your flesh is cold resistant. (rC+)
You are immune to negative energy. (rN+++)
You are immune to unholy pain and torment.
You are vulnerable to heat. (rF-)
You do not drink.


   Skills:
 + Level 3.6 Fighting
 - Level 1.5 Long Blades
 - Level 1.5 Dodging
 - Level 4.1 Stealth


You had one spell level left.
You didn't know any spells.
Your spell library was empty.

Inventory:

Hand Weapons
 a - a +0 falchion (weapon) {long}
Missiles
 g - 11 arrows
Armour
 b - a +0 leather armour (worn)
Wands
 f - a wand of digging (3)
Scrolls
 c - a scroll of fog
 d - a scroll of magic mapping {!r}
 e - a scroll of fear
 h - a scroll of noise {unknown}

Dungeon Overview and Level Annotations

Branches:
Dungeon (6/15)             Temple (1/1) D:5

Altars:
Ashenzari
Fedhas
Gozag
Hepliaklqana
Kikubaaqudgha
Nemelex Xobeh
Vehumet
Wu Jian # #####.######## ......F@<....# ############.#

You could see a bullfrog.


Message History

There is an opulent altar of Gozag here.
You kneel at the altar of Gozag.
Gozag does not accept service from beggars like you!
The service fee for joining is currently 13 gold; you have none.
Unknown command.
Press < or > to pray at altars.
(D) Dungeon (T) Temple
Where to? (? - help)
There is an open door here.
There is a staircase back to the Dungeon here.
You climb upwards.
The howler monkey skeleton hits you but does no damage.
There is a staircase to the Ecumenical Temple here.
Unknown command.
Unknown command.
You hit the howler monkey skeleton. The howler monkey skeleton hits you.
The howler monkey skeleton hits you but does no damage. 😕 HP[-1]
You take 1 damage, and now have 17/18 hp.
You slash the howler monkey skeleton!
The howler monkey skeleton hits you. 😕 HP[-2]
You take 2 damage, and now have 15/18 hp.
You hit the howler monkey skeleton.
The howler monkey skeleton hits you. 😕 HP[-1]
You take 1 damage, and now have 14/18 hp.
You hit the howler monkey skeleton.
The howler monkey skeleton hits you. 😮 HP[-3]
You take 3 damage, and now have 11/18 hp.
You hit the howler monkey skeleton.
The howler monkey skeleton barely misses you.
You slash the howler monkey skeleton!
You destroy the howler monkey skeleton!
You have reached level 2! 😮 HP[+4] MP[+1]
You now have 24 max hp (+6).
You regained 4 hp, and now have 15/24 hp.
Your mp is fully restored (2).
Unknown command.
You start resting. 😎 HP[+9]
Your hp is fully restored (24).
g - 11 arrows
h - a scroll labelled FIPSA RUKU
As you read the scroll labelled FIPSA RUKU, it crumbles to dust.
It is a scroll of identify.
You don't have any unidentified items.
Unknown command.
Found a stone staircase leading down.
No target in view!
You now have 10 gold pieces.
h - a scroll labelled SOLIOD NELONLE
(D) Dungeon (T) Temple
Where to? (Enter - D:5, ? - help)
There is a stone staircase leading down here.
You climb downwards.
Found a stone staircase leading down.
There is a stone staircase leading up here.
A bullfrog is nearby!
Unknown command.
The helpless bullfrog fails to defend itself.
You slash the bullfrog! The bullfrog barely misses you. x2
You completely miss the bullfrog.
The bullfrog hits you but does no damage.
The bullfrog closely misses you.
You closely miss the bullfrog. The bullfrog barely misses you.
The bullfrog hits you. 😮 HP[-6]
You take 6 damage, and now have 18/24 hp.
MASSIVE DAMAGE!! (PAUSE)
You hit the bullfrog. The bullfrog barely misses you.
The bullfrog hits you. 😮 HP[-5]
You take 5 damage, and now have 13/24 hp.
MASSIVE DAMAGE!! (PAUSE) Unknown command.
You slash the bullfrog!
The bullfrog hits you but does no damage.
The bullfrog closely misses you.
You closely miss the bullfrog. The bullfrog hits you.
* * * LOW HITPOINT WARNING * * *
😨 HP[-2]
You take 2 damage, and now have 11/24 hp.
Unknown command.
Unknown command.
You miss the bullfrog. The bullfrog barely misses you. The bullfrog hits you.
* * * LOW HITPOINT WARNING * * *
😱 HP[-5]
You take 5 damage, and now have 6/24 hp.
MASSIVE DAMAGE!! (PAUSE) Unknown command.
You barely miss the bullfrog. The bullfrog closely misses you.
The bullfrog hits you.
* * * LOW HITPOINT WARNING * * *
😱 HP[-3]
You take 3 damage, and now have 3/24 hp.
Unknown command.
Unknown command.
You barely miss the bullfrog. The bullfrog hits you.
* * * LOW HITPOINT WARNING * * *
The bullfrog hits you.
You die...

Action                   || total
-------------------------++-------
Melee: Falchion          ||    15
  Use: Scroll            ||     1
 Stab: Sleeping          ||     1
Armor: Leather armour    ||     4
Dodge: Dodged            ||     9

Levels and vault maps discovered:
D:5:      minmay_general_purpose_star, layout_cave_pools,
          minmay_temple_entry_grid, chequers_big_river, uniq_edmund
D:6:      layout_loops_ring, nicolae_uskayaw_en_pointe, uniq_blork_the_orc
Temple:   mainiacjoe_temple_trianglar_array

Notes
Turn   | Place    | Note
-------+----------+-------------------------------------------
     0 | D:5      | spaghetti the Mummy Delver began the quest for the Orb.
     0 | D:5      | Reached XP level 1. HP: 18/18 MP: 1/1
     0 | D:5      | magus.rc [v1.9.6]
    30 | D:5      | Found a staircase to the Ecumenical Temple.
    39 | Temple   | Entered the Ecumenical Temple
   174 | D:5      | Reached XP level 2. HP: 15/24 MP: 2/2
   335 | D:6      | Noticed a bullfrog
   343 | D:6      | HP: 6/24 [bullfrog (6)]
   345 | D:6      | HP: 2/24 [bullfrog (1)]
   345 | D:6      | Slain by a bullfrog

Vanquished Creatures
  A howler monkey skeleton (D:5)
1 creature vanquished.

Table legend:
 A = Non-vault XP
 B = Vault XP
 C = Vault XP percentage of total XP
 D = Non-vault monster count
 E = Vault monster count
 F = Vault count percentage of total count
                 A         B        C        D         E       F
            +---------+---------+-------+---------+---------+-------
      Total |      14 |       0 |   0.0 |       1 |       0 |   0.0
            +---------+---------+-------+---------+---------+-------
        D:5 |      14 |       0 |   0.0 |       1 |       0 |   0.0
            +---------+---------+-------+---------+---------+-------

Illustrated notes

Table legend:
 A = Kills in this place as a percentage of kills in entire the game.
 B = Kills by you in this place as a percentage of kills by you in the entire game.
 C = Kills by friends in this place as a percentage of kills by friends in the entire game.
 D = Other kills in this place as a percentage of other kills in the entire game.
 E = Experience gained in this place as a percentage of experience gained in the entire game.
 F = Experience gained in this place divided by the number of levels of this place that you have seen.
                   A       B       C       D       E      F
               +-------+-------+-------+-------+-------+----------------------
         Total | 100.0 | 100.0 |   N/A |   N/A | 100.0 |   4.7
       Dungeon | 100.0 | 100.0 |   N/A |   N/A | 100.0 |   7.0
               +-------+-------+-------+-------+-------+----------------------

Table legend: (Time is in decaauts)
 A = Elapsed time spent in this place.
 B = Non-inter-level travel time spent in this place.
 C = Inter-level travel time spent in this place.
 D = Time resting spent in this place.
 E = Time spent auto-exploring this place.
 F = Levels seen in this place.
 G = Mean time per level.
                   A        B        C        D        E       F      G
               +--------+--------+--------+--------+--------+-----+--------+
         Total |    348 |    315 |     33 |    109 |    158 |   3 |  116.0 |
       Dungeon |    220 |    217 |      3 |    109 |     64 |   2 |  110.0 |
        Temple |    127 |     97 |     30 |      0 |     94 |   1 |  127.0 |
               +--------+--------+--------+--------+--------+-----+--------+

Top non-repeatable levels by time:
     D:5: 208 daAuts
  Temple: 127 daAuts
     D:6: 11 daAuts
